 Dungeon Crawl Stone Soup version 0.26-a0-466-g989023bd0d (webtiles) character file.

Game seed: 15763583879228874617

154 pk666 the Magician (level 5, -5/28 HPs)
             Began as a Deep Elf Hedge Wizard on Aug 11, 2020.
             Killed from afar by Blork the orc (10 damage)
             ... with a puff of flame
             ... on level 4 of the Dungeon.
             The game lasted 00:05:21 (3211 turns).

pk666 the Magician (Deep Elf Hedge Wizard)          Turns: 3211, Time: 00:05:21

Health: -5/28      AC:  4    Str:  7    XL:     5   Next: 13%
Magic:  0/15       EV: 13    Int: 20    God:
Gold:   141        SH:  0    Dex: 14    Spells: 4/15 levels left

rFire    . . .     SeeInvis +   c - +0 dagger (flame)
rCold    . . .     Faith    .   (no shield)
rNeg     . . .     Spirit   .   b - +0 robe
rPois    .         Reflect  .   k - +2 hat
rElec    .         Harm     .   (no cloak)
rCorr    .                      (no gloves)
MR       .....                  (no boots)
Stlth    ++........             (no amulet)
HPRegen  0.09/turn              p - ring of see invisible
MPRegen  0.14/turn              q - ring of wizardry

@: no status effects
A: no striking features
a: no special abilities


You were on level 4 of the Dungeon.
You visited 1 branch of the dungeon, and saw 4 of its levels.

You collected 141 gold pieces.

Inventory:

Hand Weapons
 c - a +0 dagger of flaming (weapon)
Missiles
 j - 9 atropa-tipped darts (quivered)
Armour
 b - a +0 robe (worn)
 k - a +2 hat (worn)
Magical Staves
 r - an uncursed staff of air
Jewellery
 p - a ring of see invisible (left hand)
 q - a ring of wizardry (right hand)
Scrolls
 a - 2 scrolls of amnesia {unknown}
 e - a scroll of blinking {unknown}
 f - a scroll of immolation {unknown}
 i - 4 scrolls of identify {unknown}
 l - 4 scrolls of remove curse {unknown}
 m - a scroll of fear {unknown}
 n - a scroll of enchant weapon {unknown}
Potions
 d - 2 potions of curing
 g - 2 potions of cancellation {unknown}
 h - a potion of might {unknown}
 o - 2 potions of berserk rage {unknown}


   Skills:
 - Level 2.4 Dodging
 - Level 2.4 Stealth
 + Level 5.5 Spellcasting
 + Level 2.8 Conjurations
 + Level 1.9 Summonings
 - Level 2.0 Translocations
 + Level 1.2 Fire Magic
 + Level 1.1 Air Magic
 + Level 1.4 Poison Magic


You had 4 spell levels left.
You knew the following spells:

 Your Spells              Type           Power        Failure   Level
a - Magic Dart            Conj           ###.         1%          1
b - Blink                 Tloc           N/A          3%          2
c - Conjure Flame         Conj/Fire      ##......     6%          3
d - Mephitic Cloud        Conj/Pois/Air  ##......     6%          3
e - Call Imp              Summ           ##......     3%          2

Your spell library contained the following spells:

 Spells                   Type           Power        Failure   Level
 Slow                     Hex            #.......     7%          2


Dungeon Overview and Level Annotations

Branches:
Dungeon (4/15)
 Temple: D:4-7

Altars:
Ashenzari
Elyvilon
Trog
Yredelemnul

Annotations:
D:1 1 runed translucent door
D:4 1 runed translucent door, Blork the orc; Tenar's ghost, novice FoFi


Message History

You don't have enough magic to cast that spell.
Your crimson imp disappears in a puff of smoke!
Blork the orc casts a spell at you. The magic dart hits you.
* * * LOW HITPOINT WARNING * * *
Casting: Call Imp (safe; 3% risk of failure)
Confirm with . or Enter, or press ? or * to list all spells.
A beastly little devil appears in a puff of flame.
Blork the orc points at you and mumbles some strange words.
The puff of frost hits your crimson imp!
Your crimson imp is frozen!
Your crimson imp dies!
Blork the orc screams, "I'll break your legs!"
Blork the orc points at you and mumbles some strange words.
The magic dart hits you but does no damage.
Blork the orc looks satisfied for a moment.
There is an open door here.
Blork the orc gestures at you while chanting.
The puff of flame hits you!
You die...

#.....#.#.#
#######.#.#
#.#.# #.#.#
#.#.# #.#.#
#o#.#
###'#.#
#...@.#
#...###
#...#≈≈S≈r≈
#...+≈≈≈W)≈
###.#≈≈≈≈≈≈
#########


You could see Blork the orc (fast, invisible).

Vanquished Creatures
  A worker ant (D:4)
  8 adders
  An ooze (D:1)
  2 dart slugs (D:2)
  An orc (D:3)
  4 giant cockroaches
  3 goblins
  8 hobgoblins
  2 jackals (D:1)
  A quokka (D:2)
  7 bats
  3 frilled lizards
  5 kobolds
  8 rats
54 creatures vanquished.

Notes
Turn   | Place    | Note
-------+----------+-------------------------------------------
     0 | D:1      | pk666 the Deep Elf Hedge Wizard began the quest for the
                  | Orb.
     0 | D:1      | Reached XP level 1. HP: 10/10 MP: 7/7
     0 | D:1      | Noticed a jelly
     1 | D:1      | Found a runed translucent door.
   457 | D:1      | Reached XP level 2. HP: 15/15 MP: 0/9
   461 | D:1      | Learned a level 2 spell: Blink
   646 | D:1      | Reached skill level 5 in Spellcasting
  1141 | D:2      | Reached XP level 3. HP: 19/19 MP: 8/11
  1211 | D:2      | Learned a level 3 spell: Conjure Flame
  1215 | D:2      | Learned a level 3 spell: Mephitic Cloud
  1218 | D:2      | Learned a level 2 spell: Call Imp
  1470 | D:2      | Found a basalt altar of Yredelemnul.
  1668 | D:2      | Found a white marble altar of Elyvilon.
  1882 | D:2      | Reached XP level 4. HP: 19/24 MP: 5/13
  2400 | D:3      | Found a shattered altar of Ashenzari.
  2745 | D:3      | Reached skill level 1 in Fire Magic
  2745 | D:3      | Reached skill level 1 in Poison Magic
  2802 | D:3      | Reached skill level 1 in Air Magic
  3033 | D:3      | Found a bloodstained altar of Trog.
  3065 | D:4      | Found a runed translucent door.
  3065 | D:4      | Noticed Tenar's ghost (novice FoFi)
  3086 | D:4      | Reached XP level 5. HP: 28/28 MP: 5/15
  3169 | D:4      | Noticed Blork the orc
  3211 | D:4      | Killed from afar by Blork the orc

Illustrated notes

Levels and vault maps discovered:
D:1:      dpeg_arrival_caged_fury, layout_basic
D:2:      layout_basic, kennysheep_ying_yang
D:3:      layout_loops_ring, lightli_temple_of_fire, ashenzari_altar_1
D:4:      layout_basic, lemuel_blue_sif_altar, temple_statues,
          ebering_ghost_sewer_f, serial_shops, shop, uniq_eustachio,
          uniq_sigmund, uniq_blork_the_orc

Skill      XL: |  1  2  3  4 |
---------------+-------------+-----
Conjurations   | 2 |  2.8
Spellcasting   | 5 |  5.5
Translocations | 2 |  2.0
Fire Magic     | 1 |  1.2
Poison Magic   | 1 |  1.4
Air Magic      | 1 |  1.1
Dodging        | |  2.4
Stealth        | |  2.4
Summonings     | |  1.9

Action                   |  1- 3 |  4- 6 || total
-------------------------+-------+-------++-------
Melee: Dagger            |    10 |     3 ||    13
 Cast: Magic Dart        |    99 |    55 ||   154
       Conjure Flame     |       |     2 ||     2
       Call Imp          |       |     3 ||     3
       Mephitic Cloud    |       |     1 ||     1
Armor: Robe              |    12 |     2 ||    14
Dodge: Dodged            |    21 |     7 ||    28

Table legend: (Time is in decaauts)
 A = Elapsed time spent in this place.
 B = Non-inter-level travel time spent in this place.
 C = Inter-level travel time spent in this place.
 D = Time resting spent in this place.
 E = Time spent auto-exploring this place.
 F = Levels seen in this place.
 G = Mean time per level.
                   A        B        C        D        E       F      G
               +--------+--------+--------+--------+--------+-----+--------+
         Total |   3207 |   3165 |     42 |    316 |   2480 |   4 |  801.8 |
       Dungeon |   3207 |   3165 |     42 |    316 |   2480 |   4 |  801.8 |
               +--------+--------+--------+--------+--------+-----+--------+

Top non-repeatable levels by time:
     D:1: 1125 daAuts
     D:2: 1093 daAuts
     D:3: 823 daAuts
     D:4: 164 daAuts
